 Dungeon Crawl Stone Soup version 0.31-a0-1025-g2e47921a08 (webtiles) character file.

Game seed: 5974791118094203827

6547 Azuregosa the Grappler (level 10, -2/96 HPs)
             Began as a Troll Fighter on Nov 17, 2023.
             Was an Initiate of Gozag.
             Slain by an orc knight
             ... wielding a +0 battleaxe
              (20 damage)
             ... on level 9 of the Dungeon.
             The game lasted 00:23:22 (8399 turns).

Azuregosa the Grappler (Troll Fighter)              Turns: 8399, Time: 00:23:23

Health: -2/96      AC:  5    Str: 31    XL:     10   Next: 70%
Magic:  9/9        EV: 11    Int:  4    God:    Gozag
Gold:   1120       SH: 11    Dex: 17    Spells: 9/9 levels left

rFire   . .          .
                       - Unarmed
rCold   . . .        b - +0 kite shield
rNeg    . . .        J - +0 robe of Beogh's Vengeance {Str+3}
rPois   +            (helmet restricted)
rElec   .            R - +0 cloak {rPois}
rCorr   +            (gloves unavailable)
SInv    .            (boots unavailable)
Will    .....        (no amulet)
Stlth   ++           F - ring of resist corrosion
HPRegen 1.16/turn    O - +6 ring of dexterity
MPRegen 0.11/turn

%: no passive effects
@: gold aura
A: large, unfitting armour, claws 3, regeneration 1, shaggy fur 1, tough skin 1
a: Renounce Religion, Potion Petition, Call Merchant, Bribe Branch


You were on level 9 of the Dungeon.
You worshipped Gozag.
Gozag was most pleased with you.
You visited 3 branches of the dungeon, and saw 11 of its levels.
You also visited: Sewer.

You collected 1402 gold pieces.
You spent 165 gold pieces at shops.
You paid 117 gold pieces to Gozag.

Inventory:

Hand Weapons
 d - a +2 dagger of venom
 h - a +3 battleaxe
 H - a +5 antimagic dagger
 L - a +2 whip of electrocution
Missiles
 f - 106 stones
 l - 46 poisoned darts
 m - 4 javelins
 r - 12 boomerangs
 U - a curare-tipped dart
Armour
 a - a +0 robe
 b - a +0 kite shield (worn)
 J - the +0 robe of Beogh's Vengeance (worn) {Str+3}
   (You bought it in a shop on level 6 of the Dungeon)

   Str+3:     It affects your strength (+3).
 R - a +0 cloak of poison resistance (worn)
Jewellery
 F - a ring of resist corrosion (left claw)
 I - a ring of fire
 O - a +6 ring of dexterity (right claw)
 S - a ring of protection from fire
Talismans
 q - a maw talisman
 Q - a flux talisman
Wands
 y - a wand of mindburst (11)
 z - a wand of flame (13)
 A - a wand of light (13)
 K - a wand of polymorph (13)
Scrolls
 e - 2 scrolls of vulnerability
 g - a scroll of fog
 j - 2 scrolls of immolation
 n - a scroll of fear
 o - a scroll of enchant armour
 t - a scroll of silence
 v - 3 scrolls of teleportation
 B - a scroll of amnesia
 E - a scroll of brand weapon
 G - 2 scrolls of revelation
 T - a scroll of blinking
 W - 3 scrolls of poison
Potions
 c - 5 potions of might
 i - 3 potions of lignification {unknown}
 k - a potion of magic {unknown}
 p - 8 potions of heal wounds {unknown}
 s - 4 potions of curing {unknown}
 u - 2 potions of haste {unknown}
 w - a potion of resistance {unknown}
 x - a potion of cancellation {unknown}
 C - a potion of enlightenment {unknown}
 D - 2 potions of mutation {unknown}
 M - a potion of ambrosia {unknown}
 N - a potion of brilliance {unknown}
 P - 2 potions of degeneration {unknown}


   Skills:
 - Level 5.1 Fighting
 + Level 5.3 Dodging
 - Level 8.4 Shields
 + Level 11.7 Unarmed Combat


You had 9 spell levels left.
You didn't know any spells.
Your spell library contained the following spells:

 Spells                   Type           Power      Damage    Failure   Level
 Slow                     Hex            0%         N/A       67%         1
 Confusing Touch          Hex            0%         N/A       95%         3
 Sigil of Binding         Hex            0%         N/A       95%         3
 Vampiric Draining        Necr           0%         2d6       95%         3


Dungeon Overview and Level Annotations

Branches:
Dungeon (9/15)             Temple (1/1) D:7             Orc (1/2) D:9
  Sewer (visited)
   Lair: D:8-11

Altars:
Ashenzari
Dithmenos
Elyvilon
Gozag
Hepliaklqana
Kikubaaqudgha
Makhleb
Nemelex Xobeh
Qazlal
Ru
Sif Muna
Trog
Uskayaw
Vehumet
Wu Jian
Xom
Yredelemnul
Zin
The Shining One

Shops:
D:6 [


Innate Abilities, Weirdness & Mutations

You are too large for most types of armour.
You have claws for hands.
Your natural rate of healing is unusually fast.
You are covered in fur. (AC +1)
You have tough skin. (AC +1)


Message History

Things that are here:
19 gold pieces; a +0 giant spiked club The troll attacks as it pursues you!
You block the troll's attack. The troll claws you but does no damage.
You block the troll's attack. The troll attacks as it pursues you!
You block the troll's attack. The troll barely misses you. The troll claws you!
You scratch the troll.
The troll is lightly wounded.
You block the troll's attack. The troll claws you but does no damage.
The troll completely misses you.
You scratch the troll but do no damage.
The troll is lightly wounded.
You block the troll's attack. The troll closely misses you.
The troll claws you!
You mangle the troll!!
The troll is severely wounded.
You block the troll's attack. x2; The troll closely misses you.
You mangle the troll!!
You kill the troll!
You completely miss the orc knight.
You scratch the orc knight but do no damage.
The orc knight barely misses you.
An orc comes into view. It is wielding a +0 falchion.
The orc shouts!
You claw the orc knight!
The orc knight is lightly wounded.
The orc knight hits you with a +0 battleaxe!!
* * * LOW HITPOINT WARNING * * *
You scratch the orc knight but do no damage.
The orc knight is lightly wounded.
The orc knight closely misses you.
You scratch the orc knight but do no damage.
The orc knight is lightly wounded.
The orc knight hits you with a +0 battleaxe!
* * * LOW HITPOINT WARNING * * *
You scratch the orc knight.
The orc knight is lightly wounded.
The orc knight hits you with a +0 battleaxe!!
You die...
Your body crumbles into a pile of gold.

......######...#.#.# #.# ......#
#...###.########## #.# ......#
#.#..............# #.# ###'###
#.#...#.########.# #.#
###'########.#o$.#.......##.# #.#
..........##.#.#o###...#.##.# #.#
..........##.#.#...#.#.#.##.# #.#
..........##.#.#o#...#.#.##.# #..
..........##.#.#@##..#.#.##.# #.#
..........##.#.#.##..#.#.##.# #.#
..........##.#.#.###......#.###.#
..........##.#.#.# #.#.#........#
..........##)#.#.###.#.#.#...#..#
..........##)#.#.....#.#.#.....#.
..........##.#.#####.#.#.#..>#.#.
..........##.#.#######.#.##.##.#.
..........##.#...).....#....##.#.


You could see an orc knight and an orc.

Vanquished Creatures
  Pikel (D:6)
  Maurice (D:8)
  Maggie (D:6)
  A troll (D:9)
  7 yaks
  A steam dragon (D:9)
  Duvessa (D:6)
  2 acid dragons
  A water moccasin (D:7)
  2 ice beasts (D:7)
  3 orc warriors
  An ogre (D:9)
  2 sky beasts
  A black bear (D:6)
  2 centaurs
  A lemure (D:6)
  2 phantoms (D:6)
  4 kobold brigands
  2 bullfrogs
  A scorpion (D:4)
  14 wights
  Dowan (D:6)
  2 howler monkeys
  2 hounds
  2 gnoll boudas
  9 orc priests
  5 iguanas
  2 sleepcaps
  7 orc wizards
  15 gnolls
  9 adders
  15 river rats
  2 shadow imps
  A white imp (D:7)
  6 ufetubi
  A worm (D:4)
  2 dart slugs
  22 orcs
  2 bats
  5 endoplasms
  4 giant cockroaches
  6 goblins
  4 hobgoblins
  5 jackals (D:1)
  5 quokkas
  14 ball pythons
  4 frilled lizards
  35 kobolds
  27 rats
265 creatures vanquished.

Vanquished Creatures (others)
  5 dream sheep (D:7)
  A kobold (D:7)
6 creatures vanquished.

Grand Total: 271 creatures vanquished

Notes
Turn   | Place    | Note
-------+----------+-------------------------------------------
     0 | D:1      | Azuregosa the Troll Fighter began the quest for the Orb.
     0 | D:1      | Reached XP level 1. HP: 22/22 MP: 0/0
   144 | D:1      | Reached XP level 2. HP: 28/29 MP: 1/1
   147 | D:1      | Found a faded altar of an unknown god.
   625 | D:2      | Reached XP level 3. HP: 26/37 MP: 2/2
   644 | D:2      | Reached skill level 3 in Unarmed Combat
  1160 | D:3      | Reached XP level 4. HP: 45/45 MP: 3/3
  1779 | D:4      | Reached XP level 5. HP: 53/54 MP: 4/4
  1817 | D:4      | Found a glowing drain.
  1821 | Sewer    | Entered a sewer
  1853 | Sewer    | Reached skill level 4 in Unarmed Combat
  2045 | Sewer    | Reached XP level 6. HP: 63/63 MP: 5/5
  2178 | Sewer    | Reached skill level 5 in Unarmed Combat
  2601 | D:4      | Reached skill level 5 in Fighting
  2601 | D:4      | Reached XP level 7. HP: 51/72 MP: 6/6
  3719 | D:5      | Entered Level 5 of the Dungeon
  3808 | D:5      | Reached skill level 6 in Unarmed Combat
  3918 | D:5      | Found an opulent altar of Gozag.
  3919 | D:5      | Found an ancient bone altar of Kikubaaqudgha.
  3920 | D:5      | Found a broken altar of Ashenzari.
  3935 | D:5      | Became a worshipper of Gozag Ym Sagoz the Greedy
  4513 | D:6      | Noticed Pikel
  4611 | D:6      | Reached XP level 8. HP: 57/80 MP: 7/7
  4668 | D:6      | Reached skill level 7 in Unarmed Combat
  4760 | D:6      | Noticed Dowan
  4772 | D:6      | Noticed Duvessa
  4774 | D:6      | Killed Dowan
  4775 | D:6      | Reached skill level 5 in Shields
  4787 | D:6      | Killed Duvessa
  5046 | D:6      | Found a sacrificial altar of Ru.
  5047 | D:6      | Noticed Maggie
  5061 | D:6      | Killed Maggie
  5062 | D:6      | Reached skill level 8 in Unarmed Combat
  5132 | D:6      | Found Urioq's Antique Armour Shoppe.
  5145 | D:6      | Bought a scorched robe for 165 gold pieces
  5145 | D:6      | Identified the +0 robe of Beogh's Vengeance {Str+3} (You
                  | bought it in a shop on level 6 of the Dungeon)
  5184 | D:6      | Killed Pikel
  5185 | D:6      | Reached XP level 9. HP: 77/88 MP: 8/8
  5325 | D:6      | Reached skill level 9 in Unarmed Combat
  5717 | D:7      | Found a shimmering altar of Xom.
  5854 | D:7      | Found a hide-covered altar of Uskayaw.
  5904 | D:7      | Found a staircase to the Ecumenical Temple.
  5923 | Temple   | Entered the Ecumenical Temple
  5954 | D:7      | Reached skill level 10 in Unarmed Combat
  6589 | D:8      | Found a shadowy altar of Dithmenos.
  6730 | D:8      | Reached XP level 10. HP: 96/96 MP: 9/9
  6941 | D:8      | Noticed Maurice
  6964 | D:8      | Something stole a +5 antimagic dagger
  6966 | D:8      | Something stole a ring of fire
  6968 | D:8      | Something stole a flux talisman
  6971 | D:8      | Killed Maurice
  7503 | D:9      | Found a staircase to the Orcish Mines.
  7624 | D:9      | Reached skill level 11 in Unarmed Combat
  7829 | D:9      | Found an ornate altar of the Wu Jian Council.
  7835 | D:9      | Found a glowing golden altar of the Shining One.
  7843 | D:9      | Found a shimmering blue altar of Sif Muna.
  7885 | D:9      | Found a hazy altar of Hepliaklqana.
  8345 | Orc:1    | Entered Level 1 of the Orcish Mines
  8356 | Orc:1    | Reached skill level 5 in Dodging
  8369 | Orc:1    | Noticed an orc knight
  8399 | D:9      | Slain by an orc knight

Illustrated notes

Levels and vault maps discovered:
D:1:      tarquinn_simple_flora_water_e, layout_loops_ring,
          ebering_ecumenical_altar_petrified, nrook_mini_vaults
D:2:      layout_rooms, chequers_serial_rivers_micro_c
D:3:      minmay_door_path, layout_basic, kennysheep_generic_room_11
D:4:      layout_layer_cave, gup_sewer_entry_spiral
D:5:      layout_basic, chequers_temple_overflow_statue_of_worship
D:6:      layout_loops_ring, old_standard_altar, serial_shops,
          nicolae_square_shop, uniq_pikel, uniq_maggie, uniq_duvessa
D:7:      layout_gridville, nicolae_uskayaw_dance_studio,
          kb_xom_exploding_sheep, minmay_temple_entry_large_hall
D:8:      layout_basic, grunt_dithmenos_shadows, david_defended_altar_orc,
          uniq_maurice
D:9:      layout_basic, mainiacjoe_overflow_paths, minitemple, orc_0_dummy
Temple:   hellmonk_temple_of_storms
Orc:1:    layout_caves

Skill      XL: |  1  2  3  4  5  6  7  8  9 10 |
---------------+-------------------------------+-----
Fighting       | 3 4 5 |  5.1
Unarmed Combat | 3 4 5 6 8 10 11 | 11.7
Shields        | 4 6 8 |  8.4
Dodging        | 5 |  5.3

Action                     |  1- 3 |  4- 6 |  7- 9 | 10-12 || total
---------------------------+-------+-------+-------+-------++-------
  Melee: Unarmed           |    92 |   208 |   328 |   135 ||   763
    Use: Scroll            |       |       |    10 |     2 ||    12
   Stab: Distracted        |       |       |     1 |     2 ||     3
 Armour: Robe              |    48 |   125 |   181 |    60 ||   414
         Skin              |       |       |     8 |       ||     8
  Dodge: Dodged            |    29 |    77 |   102 |    40 ||   248
  Block: Kite shield       |    25 |    81 |   142 |    59 ||   307

Table legend: (Time is in decaauts)
 A = Elapsed time spent in this place.
 B = Non-inter-level travel time spent in this place.
 C = Inter-level travel time spent in this place.
 D = Time resting spent in this place.
 E = Time spent auto-exploring this place.
 F = Levels seen in this place.
 G = Mean time per level.
                   A        B        C        D        E       F      G
               +--------+--------+--------+--------+--------+-----+--------+
         Total |   8371 |   8170 |    201 |    267 |   5698 |  12 |  697.6 |
       Dungeon |   7630 |   7429 |    201 |    252 |   5390 |   9 |  847.8 |
        Temple |      1 |      1 |      0 |      0 |      0 |   1 |    1.0 |
  Orcish Mines |     32 |     32 |      0 |      0 |      0 |   1 |   32.0 |
         Sewer |    706 |    706 |      0 |     15 |    308 |   1 |  706.0 |
               +--------+--------+--------+--------+--------+-----+--------+

Top non-repeatable levels by time:
     D:4: 1430 daAuts
     D:8: 1020 daAuts
     D:7: 977 daAuts
     D:6: 934 daAuts
     D:9: 853 daAuts
     D:5: 820 daAuts
   Sewer: 706 daAuts
     D:1: 620 daAuts
     D:3: 579 daAuts
     D:2: 393 daAuts
   Orc:1: 32 daAuts
  Temple: 1 daAuts
